 Dungeon Crawl Stone Soup version 0.30.1-11-g7821555f0a (webtiles) character file.

Game seed: 4257068452689066801

6272 grail the Protected (level 11, -3/83 HPs)
             Began as a Human Fighter on Jan 8, 2024.
             Was a Priest of the Shining One.
             Slain by a wolf (5 damage)
             ... on level 1 of the Lair of Beasts.
             The game lasted 01:04:59 (8222 turns).

grail the Protected (Human Fighter)                 Turns: 8222, Time: 01:04:59

Health: -3/83      AC: 26    Str: 21    XL:     11   Next: 15%
Magic:  11/11      EV:  4    Int:  9    God:    the Shining One [***...]
Gold:   656        SH:  0    Dex: 12    Spells: 10/10 levels left

rFire   + . .        r - +4 scimitar (flame)
rCold   + . .        Y - orb {*channel}
rNeg    + . .        K - +2 crystal plate armour
rPois   +            (no helmet)
rElec   .            A - scarf {rC+ rF+}
rCorr   .            G - +2 pair of gloves
SInv    .            b - +0 pair of boots
Will    .....        B - amulet of regeneration Stlth
                     n - ring of flight
HPRegen 1.13/turn    W - ring of poison resistance
MPRegen 0.12/turn

%: channel magic (20%)
@: flying, glowing
A: no striking features
a: Renounce Religion, Divine Shield, Cleansing Flame


You were on level 1 of the Lair of Beasts.
You worshipped the Shining One.
The Shining One was most pleased with you.
You visited 3 branches of the dungeon, and saw 11 of its levels.
You also visited: Bailey.

You collected 656 gold pieces.

Inventory:

Hand Weapons
 e - a +4 flail
 j - the +8 quarterstaff "Seijifau" {venom, rElec rC+ rN+ rCorr Int-3}
   (You found it in a bailey)

   Int:       It affects your intelligence (-3).
   rC:        It protects you from cold.
   rElec:     It insulates you from electricity.
   rN:        It protects you from negative energy.
   rCorr:     It protects you from acid and corrosion.
 r - a +4 scimitar of flaming (weapon)
 M - the +2 falchion of Trauma {elec, rN+ Str+2 SInv}
   (You found it on level 5 of the Dungeon)

   Str:       It affects your strength (+2).
   rN:        It protects you from negative energy.
   SInv:      It lets you see invisible.
 P - a +0 flail of protection
 Q - a +1 vampiric halberd
 U - a +1 whip of electrocution
Missiles
 h - 14 poisoned darts
 s - 57 stones (quivered)
Armour
 b - a +0 pair of boots (worn)
 c - a +0 buckler
 x - a +2 robe of positive energy
 A - a scarf of resistance (worn)
 G - a +2 pair of gloves (worn)
 K - a +2 crystal plate armour (worn)
 O - the +1 ring mail "Caddux" {-Tele Dex+5 Slay+4}
   (You found it in a bailey)

   Dex:       It affects your dexterity (+5).
   Slay:      It affects your accuracy & damage with ranged weapons and melee
   (+4).
   -Tele:     It prevents most forms of teleportation.
 S - the +1 robe "Ditar" {rF++ Str+2}
   (You found it on level 7 of the Dungeon)

   Str:       It affects your strength (+2).
   rF:        It greatly protects you from fire.
 V - a +0 plate armour
 X - a +2 robe
 Y - an orb of energy (worn)
Magical Staves
 y - a staff of death
 z - a staff of earth
Jewellery
 n - a ring of flight (left hand)
 B - an amulet of regeneration (around neck)
 W - a ring of poison resistance (right hand)
Wands
 f - a wand of iceblast (4)
 k - a wand of digging (2)
 m - a wand of charming (8)
 H - a wand of polymorph (26)
Scrolls
 i - 2 scrolls of brand weapon {unknown}
 q - 2 scrolls of poison
 u - 8 scrolls of teleportation {unknown}
 v - 5 scrolls of identify {unknown}
 C - a scroll of torment {unknown}
 F - 4 scrolls of magic mapping {unknown}
Potions
 a - a potion of cancellation {unknown}
 d - 3 potions of might
 g - a potion of lignification {unknown}
 l - a potion of mutation {unknown}
 o - 7 potions of heal wounds {unknown}
 p - 2 potions of flight {unknown}
 t - a potion of invisibility {unknown}
 w - a potion of berserk rage {unknown}
 D - a potion of curing
 E - 2 potions of attraction {unknown}
 J - 2 potions of brilliance {unknown}
 L - 2 potions of magic {unknown}
 R - a potion of degeneration {unknown}
Miscellaneous
 Z - a piece from Xom's chessboard (15/15)


   Skills:
 + Level 6.7 Fighting
 + Level 6.6 Long Blades
 + Level 4.0(6.3) Axes
 + Level 7.7(8.2) Maces & Flails
 + Level 1.4 Throwing
 + Level 8.7 Armour
 + Level 3.1 Dodging
 + Level 2.4 Stealth
 + Level 5.3 Shields


You had 10 spell levels left.
You didn't know any spells.
Your spell library contained the following spells:

 Spells                   Type           Power      Damage    Failure   Level
 Foxfire                  Conj/Fire      0%         2x1d4     100%        1
 Freeze                   Ice            0%         1d3       100%        1
 Ensorcelled Hibernation  Hex/Ice        0%         N/A       100%        2
 Frozen Ramparts          Ice            0%         1d1       100%        3
 Hailstorm                Conj/Ice       0%         3d3       100%        3
 Spider Form              Tmut/Pois      0%         N/A       100%        3
 Summon Guardian Golem    Hex/Summ       0%         N/A       100%        3
 Anguish                  Hex/Necr       0%         N/A       100%        4
 Fireball                 Conj/Fire      0%         3d3       100%        5
 Plasma Beam              Fire/Air       0%         2x1d11    100%        6
 Starburst                Conj/Fire      0%         6d3       100%        6
 Orb of Destruction       Conj           0%         9d5       100%        7
 Spellforged Servitor     Conj/Summ      0%         N/A       100%        7


Dungeon Overview and Level Annotations

Branches:
Dungeon (9/15)             Temple (1/1) D:7            Lair (1/5) D:9
 Bailey (visited)
    Orc: D:9-12

Altars:
Ashenzari
Cheibriados
Dithmenos
Elyvilon
Fedhas
Gozag
Hepliaklqana
Kikubaaqudgha
Makhleb
Nemelex Xobeh
Okawaru
Qazlal
Ru
Sif Muna
Trog
Uskayaw
Vehumet
Wu Jian
Xom
Yredelemnul
Zin
The Shining One

Annotations:
Lair:1 1 transporter


Message History

The wolf bites you but does no damage.
The wolf bites you but does no damage. x2; The wolf bites you.
* * * LOW HITPOINT WARNING * * *
The wolf bites you but does no damage. The wolf bites you!
* * * LOW HITPOINT WARNING * * *
The wolf attacks as you move away! The wolf bites you but does no damage.
The wolf attacks as you move away! The wolf bites you but does no damage.
The wolf bites you!
* * * LOW HITPOINT WARNING * * *
The wolf bites you but does no damage. x2
The wolf bites you but does no damage.
You see here a +0 lajatang.
The wolf barely misses you. The wolf bites you but does no damage.
The wolf attacks as you move away! The wolf bites you but does no damage.
The wolf bites you.
* * * LOW HITPOINT WARNING * * *
The wolf attacks as you move away! The wolf barely misses you.
The wolf bites you but does no damage. x3
The wolf attacks as you move away! The wolf barely misses you.
The wolf bites you!
* * * LOW HITPOINT WARNING * * *
The wolf bites you but does no damage. The wolf bites you but does no damage.
You feel better.
The wolf bites you but does no damage. x5
You hit the wolf. You burn the wolf.
The wolf is lightly wounded.
The wolf barely misses you.
The wolf bites you but does no damage. x2
You hit the wolf but do no damage.
The wolf is lightly wounded.
The wolf bites you but does no damage. x2; The wolf bites you.
* * * LOW HITPOINT WARNING * * *
The wolf bites you but does no damage. The wolf bites you.
* * * LOW HITPOINT WARNING * * *
The wolf bites you but does no damage.
You barely miss the wolf.
The wolf is lightly wounded.
The wolf bites you but does no damage. The wolf bites you.
* * * LOW HITPOINT WARNING * * *
The wolf bites you but does no damage. x2; The wolf bites you.
You die...

..........#
....###...# ©...
##)..# ..P
#....# .. #....#
##...# #...#
#hh.# #@h.##
P####....# ..
.........# ...#
#####....# ..#.
#.......## #+#..
#........#
......#....#..##
......#....#..P#
......P.'###..##


You could see 3 wolves.

Vanquished Creatures
  Erica (D:8)
  Pikel (D:7)
  An ugly thing (D:9)
  Joseph (D:7)
  A gargoyle (Bailey)
  A hornet (D:8)
  2 wyverns
  A vampire (Bailey)
  3 yaks (D:9)
  A steam dragon (D:6)
  A water moccasin (D:8)
  An ice beast (D:8)
  A black bear (D:8)
  An ogre (D:4)
  7 centaurs
  2 wolves (Lair:1)
  A phantom (D:4)
  5 bullfrogs
  3 scorpions
  3 howler monkeys
  6 vampire bats (Bailey)
  6 wolf zombies (Bailey)
  5 hounds
  2 orc priests (D:9)
  A jelly (D:6)
  Jessica (D:2)
  4 iguanas
  4 orc wizards
  A sleepcap (D:6)
  7 gnolls (D:5)
  5 adders
  3 shadow imps
  2 white imps (D:5)
  4 worms (D:2)
  3 dart slugs
  18 orcs
  7 ball pythons
  7 bats
  9 endoplasms
  3 giant cockroaches
  12 goblins
  8 hobgoblins
  A jackal (D:1)
  3 quokkas
  4 frilled lizards
  4 kobolds
  19 orc zombies (Bailey)
  3 rats
190 creatures vanquished.

Notes
Turn   | Place    | Note
-------+----------+-------------------------------------------
     0 | D:1      | grail the Human Fighter began the quest for the Orb.
     0 | D:1      | Reached XP level 1. HP: 18/18 MP: 1/1
   185 | D:1      | Found a faded altar of an unknown god.
   191 | D:1      | Reached XP level 2. HP: 24/24 MP: 2/2
   468 | D:1      | Reached XP level 3. HP: 22/29 MP: 3/3
   886 | D:1      | Prayed at the altar of an unknown god.
   886 | D:1      | Became a worshipper of Ru the Awakened
  1274 | D:2      | Reached skill level 1 in Axes
  1348 | D:2      | Reached XP level 4. HP: 5/35 MP: 4/4
  1351 | D:2      | HP: 1/35 [poisoned by an adder]
  1480 | D:2      | Reached skill level 1 in Throwing
  1617 | D:2      | Noticed Jessica
  1628 | D:2      | Killed Jessica
  1629 | D:2      | Reached skill level 1 in Stealth
  1779 | D:3      | Reached XP level 5. HP: 35/41 MP: 5/5
  2120 | D:3      | Found a glowing golden altar of the Shining One.
  2120 | D:3      | Found an ancient bone altar of Kikubaaqudgha.
  2120 | D:3      | Found a hide-covered altar of Uskayaw.
  2122 | D:3      | Found a sacrificial altar of Ru.
  2122 | D:3      | Found a shimmering altar of Xom.
  2122 | D:3      | Found a sparkling altar of Nemelex Xobeh.
  2124 | D:3      | Found an iron altar of Okawaru.
  2124 | D:3      | Found a broken altar of Ashenzari.
  2124 | D:3      | Found a shadowy altar of Dithmenos.
  2132 | D:3      | Fell from the grace of Ru
  2132 | D:3      | Became a worshipper of the Shining One
  2587 | D:3      | You are sucked into a shaft and drop 3 floors!
  2596 | D:6      | Found a burning altar of Makhleb.
  2599 | D:5      | Entered Level 5 of the Dungeon
  2645 | D:5      | Found a shimmering blue altar of Sif Muna.
  2665 | D:5      | Reached skill level 4 in Armour
  2670 | D:5      | Reached XP level 6. HP: 41/47 MP: 6/6
  3189 | D:5      | HP: 2/47 [poisoned by a gnoll]
  3190 | D:5      | The Shining One protects you from harm!
  3198 | D:5      | Reached XP level 7. HP: 8/52 MP: 7/7
  3369 | D:5      | Reached skill level 1 in Dodging
  3410 | D:5      | Identified the +2 falchion of Trauma {elec, rN+ Str+2 SInv}
  3678 | D:4      | Reached skill level 1 in Maces & Flails
  3678 | D:4      | Reached skill level 5 in Armour
  3873 | D:4      | Reached XP level 8. HP: 60/60 MP: 8/8
  4336 | D:6      | Reached * piety under the Shining One
  4803 | D:6      | Found an opulent altar of Gozag.
  4803 | D:6      | Found a white marble altar of Elyvilon.
  4980 | D:7      | Noticed Joseph
  4991 | D:7      | Noticed Pikel
  4995 | D:7      | Killed Joseph
  4996 | D:7      | Reached skill level 6 in Armour
  4996 | D:7      | Reached XP level 9. HP: 27/66 MP: 9/9
  5274 | D:7      | Identified the +1 robe "Ditar" {rF++ Str+2}
  5393 | D:7      | Killed Pikel
  5394 | D:7      | Reached skill level 5 in Maces & Flails
  5394 | D:7      | Reached skill level 7 in Armour
  5434 | D:7      | Found a staircase to the Ecumenical Temple.
  5487 | Temple   | Entered the Ecumenical Temple
  5909 | D:8      | Noticed Erica
  5913 | D:8      | Found a flagged portal.
  5928 | D:8      | Killed Erica
  5929 | D:8      | Reached skill level 5 in Fighting
  5929 | D:8      | Reached XP level 10. HP: 12/74 MP: 10/10
  6126 | D:8      | Reached skill level 5 in Shields
  6506 | Bailey   | Entered a bailey
  6611 | Bailey   | Reached ** piety under the Shining One
  6790 | Bailey   | Reached *** piety under the Shining One
  6808 | Bailey   | Reached skill level 8 in Armour
  6890 | Bailey   | Noticed a gargoyle
  6897 | Bailey   | Killed a gargoyle
  6942 | Bailey   | Identified the +1 ring mail "Caddux" {-Tele Dex+5 Slay+4}
  6946 | Bailey   | Identified the +8 quarterstaff "Seijifau" {venom, rElec rC+
                  | rN+ rCorr Int-3}
  7144 | D:9      | Reached skill level 5 in Long Blades
  7636 | D:9      | Reached XP level 11. HP: 61/83 MP: 11/11
  7762 | D:9      | Noticed a purple ugly thing
  7771 | D:9      | Killed a purple ugly thing
  7993 | D:9      | Found a staircase to the Lair.
  8133 | Lair:1   | Entered Level 1 of the Lair of Beasts
  8183 | Lair:1   | Found a transporter.
  8211 | Lair:1   | HP: 4/83 [wolf (7)]
  8216 | Lair:1   | HP: 1/83 [wolf (8)]
  8222 | Lair:1   | HP: 2/83 [wolf (4)]
  8222 | Lair:1   | Slain by a wolf

Illustrated notes

Levels and vault maps discovered:
D:1:      dpeg_arrival_shrine, layout_basic, shapermc_ecumenical_altar_gd
D:2:      layout_basic, grunt_ministairs_15, uniq_jessica
D:3:      layout_basic, nicolae_overflows_in_rows
D:4:      layout_basic, minmay_goblin_outpost
D:5:      layout_basic, nicolae_overflow_crystal_walls, serial_corexii_hall,
          corexii_hall_statues_i, chequers_hall_statues_wall_a,
          corexii_hall_statues_x, corexii_hall_statues_l,
          corexii_hall_statues_i, chequers_hall_statues_corner_a
D:6:      layout_cave_pools, mainiacjoe_overflow_small_starburst,
          gammafunk_temple_overflow_wave, hangedman_abyss_or_decor_stabs
D:7:      layout_loops_ring, temple_pool_b, uniq_pikel, uniq_joseph
D:8:      layout_rooms, enter_bailey_5, minmay_misc_feat_four_crosses,
          uniq_erica
D:9:      layout_basic, lair_entry_dummy
Temple:   hellmonk_temple_beads
Lair:1:   layout_chaotic_city, nzn_ghost_randoct

Skill      XL: |  1  2  3  4  5  6  7  8  9 10 11 |
---------------+----------------------------------+-----
Axes           | 1 2 3 4 |  4.0
Throwing       | 1 |  1.4
Stealth        | 1 2 |  2.4
Armour         | 4 5 6 7 8 |  8.7
Dodging        | 1 2 3 |  3.1
Maces & Flails | 2 4 7 |  7.7
Shields        | 4 5 |  5.3
Fighting       | 4 5 6 |  6.7
Long Blades    | 5 6 |  6.6

Action                     |  1- 3 |  4- 6 |  7- 9 | 10-12 || total
---------------------------+-------+-------+-------+-------++-------
  Melee: Long sword        |    19 |       |       |       ||    19
         War axe           |    69 |   143 |     5 |       ||   217
         Flail             |       |       |   182 |    11 ||   193
         Scimitar          |       |       |       |   236 ||   236
  Throw: Stone             |     4 |     1 |       |       ||     5
         Dart              |    14 |     7 |       |       ||    21
  Evoke: Wand              |       |       |       |     1 ||     1
    Use: Potion            |     1 |     5 |     1 |     1 ||     8
         Scroll            |     1 |     1 |     1 |     3 ||     6
 Armour: Scale mail        |    42 |    90 |     9 |       ||   141
         Chain mail        |       |       |   113 |    25 ||   138
         Plate armour      |       |       |       |   173 ||   173
         Crystal plate arm |       |       |       |   190 ||   190
  Dodge: Dodged            |    41 |    82 |   120 |   178 ||   421
  Block: Buckler           |    19 |    46 |    59 |    63 ||   187
